 Dungeon Crawl Stone Soup version 0.18.1-50-g88ac8fd (webtiles) character file.

31 Nordron the Changer (level 3, -2/31 HPs)
             Began as a Naga Transmuter on Sept 29, 2016.
             Slain by an adder (3 damage)
             ... on level 2 of the Dungeon.
             The game lasted 00:05:12 (1101 turns).

Nordron the Changer (Naga Transmuter)               Turns: 1101, Time: 00:05:13

Health: -2/31      AC:  8    Str: 12    XL:     3   Next: 22%
Magic:  6/6        EV: 10    Int: 13    God:
Gold:   136        SH:  0    Dex: 12    Spells: 1 memorised, 5 levels left

rFire  . . .     SeeInvis +     k - +1 dagger (protect)
rCold  . . .     Gourm    .     b - +0 robe
rNeg   . . .     Faith    .     (no shield)
rPois  +         Spirit   .     (no helmet)
rElec  .         Dismiss  .     (no cloak)
rCorr  .         Reflect  .     e - +0 pair of gloves
SustAt .         Harm     .     (no barding)
MR     .....                    j - amulet of inaccuracy (curse)
Stlth  ..........               (no ring)
                                m - ring of loudness (curse)

@: appendage (expiring), slowed, very slow, not resistant to hostile
enchantments, extremely unstealthy
A: horns 2, see invisible, deformed body, poison resistance, slowness 2, slow
metabolism 1, spit poison 2, AC +1
a: Spit Poison, End Transformation


You were on level 2 of the Dungeon.
You were hungry.
You had grown temporary horns.
You visited 1 branch of the dungeon, and saw 2 of its levels.

You collected 136 gold pieces.

Inventory:

Hand Weapons
 k - a +1 dagger of protection (weapon)
Missiles
 a - 12 arrows
Armour
 b - a +0 robe (worn)
 e - a +0 pair of gloves (worn)
 p - a cursed +0 shield
Jewellery
 j - a cursed amulet of inaccuracy (around neck)
 m - a cursed ring of loudness (left hand)
Scrolls
 g - a scroll of immolation
 i - a scroll of magic mapping
 o - a scroll of identify
 q - a scroll of enchant armour {unknown}
Potions
 f - a potion of lignification
Books
 c - a book of Changes

   Spells                             Type                      Level
   a - Beastly Appendage              Transmutation                1
   b - Sticks to Snakes               Transmutation                2
   c - Spider Form                    Transmutation/Poison         3
   d - Ice Form                       Ice/Transmutation            4
   e - Blade Hands                    Transmutation                5
Comestibles
 d - 3 bread rations
 h - a meat ration
 l - a slice of pizza


   Skills:
 - Level 1.0 Fighting
 - Level 1.5 Dodging
 - Level 3.0 Unarmed Combat
 - Level 2.0 Spellcasting
 * Level 3.5 Transmutations


You had 5 spell levels left.
You knew the following spells:

 Your Spells              Type           Power        Failure   Level  Hunger
a - Beastly Appendage     Trmt           ##....       8%          1    ##.....


Dungeon Overview and Level Annotations

Branches:
Dungeon (2/15)

Altars:

Annotations:
D:2 Ijyb, Jessica


Innate Abilities, Weirdness & Mutations

You cannot wear boots.
Your serpentine skin is tough (AC +1).
You have supernaturally acute eyesight.
Armour fits poorly on your strangely shaped body.
Your system is resistant to poisons.
You cover ground very slowly.
You have a slow metabolism.
You can spit poison.
You have a pair of horns on your head.


Message History

You hit the adder. Your headbutt misses the adder.
The adder is severely wounded.
Your surroundings suddenly seem different.
Jessica the Apprentice Sorceress comes into view.
Jessica shouts!
Found a scale mail and 13 gold pieces.
Found an escape hatch in the ceiling.
Found a stone staircase leading up.
An adder comes into view.
You hit Jessica.
Jessica is moderately wounded.
Your transformation is almost over.
The adder closely misses you. Jessica barely misses you.
The adder bites you but does no damage. Jessica barely misses you.
You hit the adder. Your headbutt misses the adder.
The adder is lightly wounded.
The adder bites you.
* * * LOW HITPOINT WARNING * * *
Jessica mumbles some strange words.
Jessica blinks!
The adder bites you.
You die...

######### ##.$@#...## **
##.........## *****,
#...........#****,,,,,
##...ยง........,,,,,,,,,
#.....@S......,,,,,,,,,
#.............,,,,,,,,,
#.[....#....<.,,,,,,,,,
#.....####...<,,,,,*,,,
#.....,,,,,...,,,,**,,,
#.....,,,,,,..,,,,**,,,
#.....,,,,,,,.,,,,**,,,
#.....,,>,,,,,,,,,**,,,
*,,,,,,,,,,,,,,,,,,,,,,


You could see an adder and Jessica.

Vanquished Creatures
  An ooze (D:1)
  A dart slug (D:1)
  2 giant geckos (D:1)
  4 bats
  A giant cockroach (D:1)
  6 hobgoblins (D:1)
  A giant newt (D:2)
  A kobold (D:1)
  5 rats (D:1)
22 creatures vanquished.

Notes
Turn   | Place    | Note
--------------------------------------------------------------
     0 | D:1      | Nordron the Naga Transmuter began the quest for the Orb.
     0 | D:1      | Reached XP level 1. HP: 18/18 MP: 3/3
   447 | D:1      | Reached XP level 2. HP: 25/25 MP: 3/5
   902 | D:1      | Reached XP level 3. HP: 31/31 MP: 4/6
  1086 | D:2      | Noticed Ijyb
  1099 | D:2      | Noticed Jessica
  1101 | D:2      | HP: 1/31 [adder (2)]
  1101 | D:2      | Slain by an adder

Skill      XL: |  1  2 |
---------------+-------+-----
Transmutations | 3 |  3.5
Fighting       | |  1.0
Dodging        | |  1.5
Unarmed Combat | |  3.0
Spellcasting   | |  2.0

Action                   || total
-------------------------++-------
Melee: Dagger            ||    98
       Unarmed           ||     8
       Headbutt          ||     8
 Cast: Beastly Appendage ||    18
  Use: Scroll            ||     5
Armor: Robe              ||    51
Dodge: Dodged            ||    78
